 Dungeon Crawl Stone Soup version 0.17.1-3-g152610e (webtiles) character file.

3133 Peloso the Blocker (level 9, -11/77 HPs)
             Began as a Minotaur Fighter on Feb 25, 2016.
             Was a Believer of Okawaru.
             Mangled by a hill giant
             ... wielding a +0 giant spiked club
              (18 damage)
             ... on level 8 of the Dungeon.
             The game lasted 00:24:01 (6353 turns).

Peloso the Blocker (Minotaur Fighter)               Turns: 6353, Time: 00:24:01

Health: -11/77     AC: 13    Str: 22    XL:     9   Next: 61%
Magic:  8/8        EV: 13    Int:  5    God:    Okawaru [**....]
Gold:   538        SH: 12    Dex: 12    Spells: 0 memorised, 8 levels left

rFire  . . .     SeeInvis .     C - +3 falchion "Pett" {flame, rElec rN+}
rCold  . . .     Clarity  .     w - quicksilver dragon armour
rNeg   + . .     SustAt   .     c - +0 shield
rPois  .         Gourm    .     (helmet restricted)
rElec  +         Spirit   .     A - +0 cloak {MR+}
rCorr  .         Warding  .     (no gloves)
rMut   .         Stasis   .     (no boots)
MR     +++..                    s - amulet of rage
Stlth  +.........               (no ring)
                                u - ring of protection from magic

@: extremely resistant to hostile enchantments, very unstealthy
A: retaliatory headbutt, horns 2
a: Heroism, Renounce Religion, Evoke Berserk Rage


You were on level 8 of the Dungeon.
You worshipped Okawaru.
Okawaru was pleased with you.
You were not hungry.

You visited 2 branches of the dungeon, and saw 9 of its levels.

You collected 538 gold pieces.

Inventory:

Hand Weapons
 a - a +0 long sword
 q - a cursed -3 hand axe
 C - the +3 falchion "Pett" (weapon) {flame, rElec rN+}
   (You found it on level 7 of the Dungeon)

   It has been specially enchanted to burn those struck by it, causing extra
   injury to most foes and up to half again as much damage against particularly
   susceptible opponents.
   Big, fiery blades are also staple armaments of hydra-hunters.
   It insulates you from electricity.
   It protects you from negative energy.
Armour
 c - a +0 shield (worn)
 t - a +0 chain mail
 w - a quicksilver dragon armour (worn)
 A - a +0 cloak of magic resistance (worn)
Jewellery
 s - an amulet of rage (around neck)
 u - a ring of protection from magic (left hand)
 y - an uncursed ring of fire
Wands
 p - a wand of slowing (23)
 D - a wand of polymorph (12)
 F - a wand of digging (7)
 H - a wand of polymorph (9)
Scrolls
 b - 3 scrolls of teleportation
 f - 2 scrolls of amnesia
 g - a scroll of magic mapping
 i - 2 scrolls of identify
 v - a scroll of enchant armour
 E - a scroll of enchant weapon {unknown}
 J - a scroll of blinking {unknown}
 K - a scroll of silence {unknown}
Potions
 d - a potion of might
 j - 3 potions of curing
 k - 3 potions of brilliance
 m - a potion of heal wounds
 o - a potion of haste {unknown}
 r - a potion of agility
 x - a potion of cure mutation
 G - a potion of poison {unknown}
Comestibles
 e - 6 bread rations
 h - 4 meat rations
 l - 3 royal jellies
 n - 8 fruits
 z - 9 beef jerkies
 B - a slice of pizza


   Skills:
 + Level 6.3 Fighting
 + Level 7.4 Long Blades
 + Level 7.8 Armour
 + Level 6.4 Dodging
 + Level 1.1 Stealth
 + Level 9.8 Shields


You had 8 spell levels left.
You didn't know any spells.

Dungeon Overview and Level Annotations

Branches:
Dungeon (8/15)             Temple (1/1) D:5
   Lair: D:8-11

Altars:
Dithmenos
Elyvilon
Fedhas
Makhleb
Nemelex Xobeh
Okawaru
Qazlal
Sif Muna
Vehumet
Yredelemnul
The Shining One

Shops:
D:4 %}(   D:5 (


Innate Abilities, Weirdness & Mutations

You reflexively headbutt those who attack you in melee.
You have a pair of horns on your head.


Message History

You hit the hill giant. You burn the hill giant.
The hill giant is heavily wounded.
You slash the hill giant! You burn the hill giant.
The hill giant is severely wounded.
The hill giant closely misses you. You furiously retaliate!
You headbutt the hill giant, but do no damage.
You hit the hill giant. You burn the hill giant.
The hill giant is severely wounded.
You block the hill giant's attack.
You slash the hill giant! You burn the hill giant.
Your headbutt misses the hill giant.
The hill giant is almost dead.
You hit the hill giant. You burn the hill giant.
The hill giant is almost dead.
The hill giant hits you with a giant spiked club!!
* * * LOW HITPOINT WARNING * * *
You completely miss the hill giant.
The hill giant is almost dead.
The hill giant hits you with a giant spiked club!!
You die...

..#..........#...## ###
..##..............##...
..##.######............
..#.## #...........###
..#. #............. ..#.
##.#.........# ..#
###...........## ..#
.............# ..#
.##...#...@...# '## .#
##..##.C....# ..##.#
##..##.....# .....##
##.#<..#...# ......#
#...######.# .......#
#...# #### .......#
##...## #.#
...###..###.##..####.#
..####.......###..##†####


You could see a hill giant.

Vanquished Creatures
  The ghost of Gargoyl the Skirmisher, a novice DsAK of Lugonu (D:5)
  Grinder (D:4)
  A two-headed ogre (D:8)
  Sigmund (D:4)
  A water moccasin (D:8)
  Duvessa (D:7)
  A phantom (D:7)
  4 ogres
  An ice beast (D:7)
  2 centaurs
  2 big kobolds (D:8)
  Dowan (D:7)
  2 giant frogs
  A water moccasin zombie (D:6)
  A water moccasin skeleton (D:8)
  2 crimson imps
  6 iguanas
  A jelly (D:5)
  Crazy Yiuf (D:7)
  2 orc priests
  A giant frog skeleton (D:6)
  7 worker ants
  2 hounds (D:4)
  3 orc wizards
  2 hound zombies
  4 gnolls (D:5)
  10 adders
  2 shadow imps
  An adder zombie (D:8)
  6 worms
  An adder skeleton (D:8)
  4 giant geckos
  20 orcs
  7 bats
  5 giant cockroaches
  7 goblins
  6 hobgoblins
  9 jackals
  4 quokkas
  2 ball pythons
  4 giant newts
  13 kobolds
  3 quokka skeletons
  21 rats
177 creatures vanquished.

Notes
Turn   | Place    | Note
--------------------------------------------------------------
     0 | D:1      | Peloso the Minotaur Fighter began the quest for the Orb.
     0 | D:1      | Reached XP level 1. HP: 19/19 MP: 0/0
    49 | D:1      | Reached XP level 2. HP: 24/27 MP: 1/1
    89 | D:1      | Reached skill level 4 in Armour
   521 | D:1      | Reached XP level 3. HP: 33/33 MP: 2/2
   713 | D:1      | Reached skill level 1 in Dodging
  1105 | D:2      | Reached XP level 4. HP: 16/40 MP: 3/3
  1563 | D:2      | Found a blossoming altar of Fedhas.
  1943 | D:3      | Reached XP level 5. HP: 27/46 MP: 4/4
  1996 | D:3      | Noticed an ogre
  2206 | D:3      | Found a faded altar to an unknown god.
  2262 | D:3      | Killed an ogre
  2262 | D:3      | Reached skill level 5 in Armour
  2301 | D:3      | Reached skill level 5 in Shields
  2525 | D:4      | Reached XP level 6. HP: 53/53 MP: 5/5
  2551 | D:4      | Noticed Sigmund
  2565 | D:4      | Killed Sigmund
  2594 | D:4      | Found Voaliem's Food Emporium.
  2889 | D:4      | Reached XP level 7. HP: 60/60 MP: 6/6
  2904 | D:4      | Reached skill level 5 in Fighting
  3062 | D:4      | Reached skill level 6 in Shields
  3137 | D:4      | Found Pogack's Gadget Boutique.
  3224 | D:4      | Noticed Grinder
  3242 | D:4      | Killed Grinder
  3343 | D:4      | Found Zueko's Weapon Shoppe.
  3350 | D:4      | Reached skill level 5 in Long Blades
  3488 | D:4      | Reached skill level 7 in Shields
  3672 | D:5      | Entered Level 5 of the Dungeon
  3693 | D:5      | Found a glowing golden altar of the Shining One.
  3727 | D:5      | Found a staircase to the Ecumenical Temple.
  3735 | Temple   | Entered the Ecumenical Temple
  3747 | Temple   | Became a worshipper of Warmaster Okawaru
  3822 | D:5      | Noticed Gargoyl's ghost (novice DsAK)
  3824 | D:5      | Reached XP level 8. HP: 55/68 MP: 7/7
  3852 | D:5      | Killed Gargoyl's ghost
  3852 | D:5      | Reached * piety under Okawaru
  4199 | D:5      | Found Sawkyged's Antique Weapon Emporium.
  4251 | D:5      | Reached skill level 8 in Shields
  4387 | D:5      | Reached skill level 1 in Stealth
  4660 | D:6      | Found a burning altar of Makhleb.
  4840 | D:6      | Found a shadowy altar of Dithmenos.
  5299 | D:7      | Noticed Crazy Yiuf
  5305 | D:7      | Killed Crazy Yiuf
  5366 | D:7      | Got a faintly glowing falchion
  5367 | D:7      | Identified the cursed +3 falchion "Pett" {flame, rElec rN+} (You found it on level 7 of the Dungeon)
  5412 | D:7      | Noticed Duvessa
  5413 | D:7      | Noticed Dowan
  5430 | D:7      | Killed Duvessa
  5437 | D:7      | Killed Dowan
  5437 | D:7      | Reached skill level 5 in Dodging
  5437 | D:7      | Reached XP level 9. HP: 71/75 MP: 8/8
  5454 | D:7      | Reached ** piety under Okawaru
  5454 | D:7      | Reached skill level 9 in Shields
  6007 | D:8      | Found a deep blue altar of Sif Muna.
  6183 | D:8      | Noticed a hill giant
  6353 | D:8      | Mangled by a hill giant

Action                   |  1- 3 |  4- 6 |  7- 9 || total
-------------------------+-------+-------+-------++-------
Melee: Long sword        |   135 |   135 |   227 ||   497
       Falchion          |       |       |   147 ||   147
  Use: Scroll            |       |       |    14 ||    14
  Eat: Chunk             |     1 |     6 |    11 ||    18
       Fruit             |       |       |     1 ||     1
